 Dungeon Crawl Stone Soup version 0.20-a0-850-ge5a7832 (webtiles) character file.

115 Duffy the Shield-Bearer (level 5, 0/41 HPs)
             Began as a Formicid Fighter on Mar 10, 2017.
             Slain by Grinder (3 damage)
             ... on level 3 of the Dungeon.
             The game lasted 00:02:00 (2342 turns).

Duffy the Shield-Bearer (Formicid Fighter)          Turns: 2342, Time: 00:02:01

Health: 0/41       AC:  8    Str: 21    XL:     5   Next: 20%
Magic:  5/5        EV:  9    Int:  8    God:
Gold:   78         SH: 10    Dex: 10    Spells: 4/4 levels left

rFire    . . .     SeeInvis +   a - +0 war axe
rCold    . . .     Gourm    .   k - +0 acid dragon scales
rNeg     . . .     Faith    .   c - +0 shield
rPois    .         Spirit   .   (helmet unavailable)
rElec    .         Reflect  .   j - +0 cloak
rCorr    +         Harm     .   (no gloves)
MR       .....                  (no boots)
Stlth    +.........             (no amulet)
Regen    0.2/turn               (no ring)
MPRegen  0.1/turn               (no ring)

@: no status effects
A: permanent stasis, dig shafts and tunnels, four strong arms, antennae 3
a: Dig, Shaft Self


You were on level 3 of the Dungeon.
You were hungry.

You visited 1 branch of the dungeon, and saw 3 of its levels.

You collected 78 gold pieces.

Inventory:

Hand Weapons
 a - a +0 war axe (weapon)
Armour
 c - a +0 shield (worn)
 h - a +0 chain mail
 j - a +0 cloak (worn)
 k - +0 acid dragon scales (worn)
Scrolls
 b - a scroll of blinking {unknown}
 e - 4 scrolls of identify {unknown}
 l - 4 scrolls of remove curse {unknown}
 o - a scroll of teleportation {unknown}
 r - a scroll of noise {unknown}
Potions
 d - 2 potions of might
 g - a potion of curing {unknown}
 i - a potion of brilliance {unknown}
 q - a potion of magic {unknown}
 s - a potion of resistance {unknown}
Comestibles
 f - 2 bread rations
 m - 2 meat rations
 p - 2 royal jellies


   Skills:
 - Level 3.2 Fighting
 + Level 3.9 Axes
 - Level 3.2 Armour
 + Level 5.1 Shields


You had 4 spell levels left.
You didn't know any spells.

Dungeon Overview and Level Annotations

Branches:
Dungeon (3/15)

Altars:
Dithmenos
Wu Jian

Annotations:
D:3 Grinder


Innate Abilities, Weirdness & Mutations

You cannot be hasted, slowed, berserked, paralysed or teleported.
You can dig through walls and to a lower floor.
Your four strong arms can wield two-handed weapons with a shield.
You have a pair of large antennae on your head. (SInv)


Message History

You hit Grinder.
Grinder is moderately wounded.
You block Grinder's attack.
You closely miss Grinder.
Grinder is moderately wounded.
Grinder gestures at you. You resist with significant effort.
You slash Grinder!
Grinder is heavily wounded.
Grinder hits you.
You writhe in agony.
Grinder hits you.
You writhe in agony.
You hit Grinder.
Grinder is severely wounded.
Grinder hits you!
You writhe in agony.
You barely miss Grinder.
Grinder is severely wounded.
Grinder hits you but does no damage.
You closely miss Grinder.
Grinder is severely wounded.
Grinder hits you.
You writhe in agony.
You die...

##
#.#.....#.#.#.#..#
#.#.#.#.........##
#.#...<.#.#.#.#.#
.# #.#.#.........#
#.#.#.#.#.#.#.# .
#.#......... .#
#.##.##.##. #.
#.#5## # # #.##@#
#. ###


You could see Grinder.

Vanquished Creatures
  A jelly (D:3)
  4 adders (D:2)
  2 worms
  A dart slug (D:1)
  A leopard gecko (D:2)
  A bat (D:2)
  3 giant cockroaches
  4 goblins
  3 hobgoblins
  4 jackals (D:2)
  A quokka (D:2)
  3 frilled lizards (D:2)
  6 kobolds
  6 rats
40 creatures vanquished.

Notes
Turn   | Place    | Note
-------+----------+-------------------------------------------
     0 | D:1      | Duffy the Formicid Fighter began the quest for the Orb.
     0 | D:1      | Reached XP level 1. HP: 18/18 MP: 1/1
   125 | D:1      | Reached XP level 2. HP: 24/24 MP: 2/2
   419 | D:1      | Reached skill level 4 in Shields
   667 | D:2      | Reached XP level 3. HP: 5/29 MP: 3/3
   961 | D:2      | Found an ornate altar of the Wu Jian Council.
  1211 | D:2      | Reached XP level 4. HP: 25/35 MP: 4/4
  1933 | D:3      | Reached skill level 5 in Shields
  1933 | D:3      | Reached XP level 5. HP: 38/41 MP: 5/5
  1995 | D:3      | Found a shadowy altar of Dithmenos.
  2001 | D:3      | Noticed Grinder
  2022 | D:3      | HP: 2/41 [Grinder (4)]
  2342 | D:3      | Slain by Grinder

Vault maps used:
D:1:      dpeg_arrival_connections, st_stairs_6, hangedman_decor_riveting
D:2:      old_standard_altar
D:3:      lemuel_coloured_pillars_altar, overflow_temple_1_default,
          chequers_temple_overflow_minitemple, serial_co_window_serial,
          co_window_paths_b, co_window_paths_a, co_window_of_opportunity_a,
          co_window_cross_1, co_window_paths_a, co_window_of_opportunity_a,
          co_window_paths_b, co_window_broadway_b, co_window_2corner,
          co_window_corner_b, co_window_corner_b, glass_columns_c,
          kennysheep_generic_room_14, uniq_grinder, uniq_terence, uniq_sigmund,
          uniq_iyjb

Skill      XL: |  1  2  3  4 |
---------------+-------------+-----
Shields        | 4 5 |  5.1
Axes           | 3 |  3.9
Fighting       | |  3.2
Armour         | |  3.2

Action                   |  1- 3 |  4- 6 || total
-------------------------+-------+-------++-------
Melee: War axe           |    85 |    71 ||   156
 Abil: Dig               |       |     1 ||     1
  Use: Potion            |     1 |       ||     1
  Eat: Chunk             |     1 |     3 ||     4
Armor: Scale mail        |     8 |       ||     8
       Chain mail        |    27 |       ||    27
       Acid dragon scale |     5 |    17 ||    22
Dodge: Dodged            |    30 |    22 ||    52
Block: Shield            |    50 |    31 ||    81
